AoeStats
← elrisas

Arabia

509980460Analyzed
1v1 RM · 5d ago on Sep 28, 2026· 48m 8s· 2 players
Game mode
Random Map
Map size
Tiny (2 player)
Population
200
Speed
Normal
Resources
Standard
Victory
Conquest
Starting age
Dark Age
Ending age
Imperial Age
RankedLock teamsTeams togetherTeam positionsShared explorationLock speedFull tech treeHidden civsTurbo modeCheats
Victory
Defeat
🇺🇸 Vikings · United States
979
+14
🇦🇷 Portuguese · Argentina
937
-14
Chuck B 2259
7:01 Loom
10:03 Feudal Age
10:18 Man-at-Arms
13:48 Scale Mail Armor
17:33 Horse Collar
21:58 Castle Age
20:58 Forging
20:49 Double-Bit Axe
21:59 Long Swordsman
23:17 Iron Casting
23:56 Squires
25:48 Chain Mail Armor
25:01 Pikeman
27:12 Bow Saw
32:12 Fletching
34:44 Elite Skirmisher
35:50 Bodkin Arrow
35:59 Arson
40:49 Imperial Age
40:45 Town Watch
42:46 Two-Handed Swordsman
45:18 Block Printing
elrisas
6:28 Loom
9:38 Feudal Age
10:05 Town Watch
10:06 Double-Bit Axe
23:02 Castle Age
20:59 Horse Collar
21:26 Scale Barding Armor
21:55 Fletching
21:57 Gold Mining
24:08 Bow Saw
24:49 Forging
24:35 Bodkin Arrow
25:53 Bloodlines
26:25 Husbandry
28:57 Crossbowman
32:07 Thumb Ring
37:05 Man-at-Arms
39:46 Chain Barding Armor
48:49 Wheelbarrow
48:07 Stone Mining
48:18 Heavy Plow
Connection lost

Rejoining the realm…

Still unreachable

The connection could not be restored.

Session expired

The server has moved on; the page needs a fresh start.